 Dungeon Crawl Stone Soup version 0.28.0-45-g0d030f2227 (webtiles) character file.

Game seed: 7852230333855392496

159 AlmostDecent the Chopper (level 5, 0/42 HPs)
             Began as a Formicid Fighter on Apr 24, 2022.
             Slain by Ijyb
             ... wielding a +0 club
              (2 damage)
             ... on level 3 of the Dungeon.
             The game lasted 00:07:24 (3368 turns).

AlmostDecent the Chopper (Formicid Fighter)         Turns: 3368, Time: 00:07:25

Health: 0/42       AC:  7    Str: 22    XL:     5   Next: 68%
Magic:  5/5        EV: 10    Int:  8    God:
Gold:   173        SH:  4    Dex: 10    Spells: 4/4 levels left

rFire   . . .      SeeInvis +   a - +0 war axe (venom)
rCold   . . .      Faith    .   c - +0 buckler
rNeg    . . .      Spirit   .   g - +2 ring mail {rPois}
rPois   +          Reflect  .   (helmet unavailable)
rElec   .          Harm     .   (no cloak)
rCorr   .          Rampage  .   (no gloves)
Will    .....                   (no boots)
Stlth   +.........              (no amulet)
HPRegen 0.14/turn               (no ring)
MPRegen 0.09/turn               (no ring)

@: no status effects
A: permanent stasis, dig shafts and tunnels, antennae 3, four strong arms
a: Dig, Shaft Self


You were on level 3 of the Dungeon.
You visited 1 branch of the dungeon, and saw 4 of its levels.

You collected 173 gold pieces.

Inventory:

Hand Weapons
 a - a +0 war axe of venom (weapon)
 l - a +0 spear of venom
Armour
 b - a +0 scale mail
 c - a +0 buckler (worn)
 g - a +2 ring mail of poison resistance (worn)
Scrolls
 f - 2 scrolls of summoning {unknown}
 h - a scroll of teleportation {unknown}
 j - a scroll of blinking {unknown}
 o - a scroll of enchant armour {unknown}
 p - 2 scrolls of identify {unknown}
 q - 2 scrolls of enchant weapon {unknown}
Potions
 e - a potion of curing
 i - a potion of ambrosia {unknown}
 k - a potion of cancellation {unknown}
 m - a potion of attraction {unknown}
 n - a potion of haste {unknown}


   Skills:
 + Level 3.7 Fighting
 * Level 4.3 Axes
 + Level 4.1 Armour
 + Level 0.1 Dodging
 + Level 0.3 Stealth
 + Level 4.0 Shields


You had 4 spell levels left.
You didn't know any spells.
Your spell library contained the following spells:

 Spells                   Type           Power      Damage    Failure   Level
 Sting                    Tmut/Pois      0%         1d3       63%         1
 Corpse Rot               Necr/Air       0%         N/A       77%         2
 Poisonous Vapours        Pois/Air       0%         N/A       77%         2
 Stone Arrow              Conj/Erth      0%         3d7       94%         3
 Animate Armour           Summ/Erth      0%         N/A       100%        4
 Olgreb's Toxic Radiance  Pois           0%         N/A       100%        4
 Lehudib's Crystal Spear  Conj/Erth      0%         10d2      100%        8


Dungeon Overview and Level Annotations

Branches:
Dungeon (4/15)
 Temple: D:4-7

Altars:
Gozag
Nemelex Xobeh

Shops:
D:2 [

Annotations:
D:3 Edmund, Ijyb


Innate Abilities, Weirdness & Mutations

You cannot be hasted, slowed, berserked, paralysed or teleported.
You can dig through walls and to a lower floor.
You have a pair of large antennae on your head. (SInv)
Your four strong arms can wield two-handed weapons with a shield.


Message History

HP restored.
You climb downwards.
Level annotation: Edmund, Ijyb Ijyb screams, "Me kill you!"
Ijyb barely misses you. The orc closely misses you.
The orc completely misses you. You block Edmund's attack.
Ijyb hits you but does no damage. The orc hits you with a +0 hand axe.
There is a stone staircase leading up here.
You block the orc's attack. Edmund closely misses you. You block Ijyb's attack.
You block the orc's attack.
You climb upwards.
There is a stone staircase leading down here.
As you read the scroll labelled CUUBEA EGAONITS, it crumbles to dust.
It is a scroll of brand weapon.
Your +0 war axe drips with poison.
a - a +0 war axe of venom (weapon)
The orc completely misses you.
Edmund hits you with a +3 dire flail of venom!
You are poisoned.
Ijyb hits you with a +0 club. The orc completely misses you.
It was a potion of curing.
You feel better. The orc hits you with a +0 dagger.
Edmund hits you but does no damage. Ijyb hits you but does no damage.
The orc hits you with a +0 hand axe.
You hit the orc.
The orc is poisoned.
The orc is almost dead.
You completely miss Edmund. You closely miss the orc.
You hit Ijyb but do no damage.
Ijyb is poisoned.
You block the orc's attack. Edmund barely misses you.
Ijyb hits you but does no damage. The orc closely misses you.
You block the orc's attack.
Edmund hits you with a +3 dire flail of venom!
You closely miss the orc.
The orc is almost dead.
You barely miss Edmund. You hit the orc.
The orc is poisoned.
You closely miss Ijyb.
You kill the orc!
Ijyb closely misses you. The orc hits you but does no damage.
Edmund hits you with a +3 dire flail of venom!
* * * LOW HITPOINT WARNING * * *
Ijyb hits you with a +0 club.
You die...

####
##......#...#..#####....##
#......##..###..## ####...
#..........# ##..# ###.♣♣
#.......#..# ##.## #.♣♣♣♣
#..####...## #..###.♣≈♣♣
####..# ###..######......≈÷≈
##.....# #.............≈♣≈♣
##..#.### ##g#...####....♣♣♣♣
#.....# ###.@o.#).....##..#
###########...)@.......###.##
########.....#.########.....##
##..............# ##.......##
#...######.###### #.....<...#
#####
#♣≈P≈..########.........#
#≈≈.≈≈..................##
#.≈P≈..########...........
####...# #.........##


You could see Edmund, Ijyb (very poisoned) and an orc (very poisoned).

Vanquished Creatures
  4 gnolls
  4 adders
  A worm (D:3)
  9 orcs
  5 endoplasms
  5 giant cockroaches
  9 goblins
  7 hobgoblins
  3 jackals (D:1)
  9 kobolds
  2 quokkas
  3 ball pythons
  3 bats
  4 frilled lizards
  2 rats (D:2)
70 creatures vanquished.

Vanquished Creatures (others)
  6 plants (D:3)
6 creatures vanquished.

Grand Total: 76 creatures vanquished

Notes
Turn   | Place    | Note
-------+----------+-------------------------------------------
     0 | D:1      | AlmostDecent the Formicid Fighter began the quest for the
                  | Orb.
     0 | D:1      | Reached XP level 1. HP: 18/18 MP: 1/1
   287 | D:1      | Reached XP level 2. HP: 22/24 MP: 2/2
   570 | D:1      | Reached XP level 3. HP: 29/29 MP: 3/3
   981 | D:2      | Reached XP level 4. HP: 24/35 MP: 4/4
  1578 | D:2      | Reached XP level 5. HP: 42/42 MP: 5/5
  1673 | D:2      | Found Uhymm's Armour Shop.
  2566 | D:3      | Found a faded altar of an unknown god.
  2932 | D:4      | Found an opulent altar of Gozag.
  2932 | D:4      | Found a sparkling altar of Nemelex Xobeh.
  3113 | D:4      | Noticed Ijyb
  3121 | D:4      | Noticed Edmund
  3368 | D:3      | HP: 2/42 [Edmund/+3 dire flail of venom (14)]
  3368 | D:3      | Slain by Ijyb

Illustrated notes

Levels and vault maps discovered:
D:1:      saegor_arrival_miasma, layout_loops_ring
D:2:      layout_basic, serial_shops, shop_statue, guppyfry_early_orc_mine
D:3:      layout_rooms, serial_bayou, serial_bayou_ford_a,
          serial_bayou_crossing, serial_bayou_shore_a, serial_bayou_pond_e,
          basic_ecumenical_altar
D:4:      layout_basic, grunt_temple_overflow_opulence,
          hangedman_decor_riveting, uniq_ijyb, uniq_edmund

Skill      XL: |  1  2  3  4  5 |
---------------+----------------+-----
Shields        | 4 |  4.0
Axes           | 3 4 |  4.3
Armour         | 4 |  4.1
Fighting       | |  3.7
Dodging        | |  0.1
Stealth        | |  0.3

Action                   |  1- 3 |  4- 6 || total
-------------------------+-------+-------++-------
Melee: War axe           |    62 |   109 ||   171
 Abil: Dig               |       |     1 ||     1
  Use: Potion            |     1 |     1 ||     2
       Scroll            |       |     1 ||     1
Armor: Scale mail        |    23 |       ||    23
       Ring mail         |     3 |    56 ||    59
Dodge: Dodged            |    26 |    57 ||    83
Block: Buckler           |    19 |    29 ||    48
